 Dungeon Crawl Stone Soup version 0.21.1-1-g345015f (webtiles) character file.

818 Monsterracer the Slasher (level 7, -17/48 HPs)
             Began as an Octopode Fighter on Feb 12, 2018.
             Demolished by an ogre
             ... wielding a +0 giant spiked club
              (27 damage)
             ... on level 4 of the Dungeon.
             The game lasted 00:06:03 (4102 turns).

Monsterracer the Slasher (Octopode Fighter)         Turns: 4102, Time: 00:06:03

Health: -17/48     AC:  1    Str: 16    XL:     7   Next: 94%
Magic:  7/7        EV: 16    Int: 10    God:
Gold:   134        SH: 10    Dex: 13    Spells: 6/6 levels left

rFire    . . .     SeeInvis .   a - +0 long sword
rCold    . . .     Gourm    .   h - +1 shield
rNeg     . . .     Faith    .   (helmet restricted)
rPois    .         Spirit   .   r - amulet of magic regeneration
rElec    .         Reflect  .   l - +3 ring of evasion
rCorr    .         Harm     .   (no ring)
MR       .....                  (no ring)
Stlth    +++.......             (no ring)
HPRegen  0.16/turn              (no ring)
MPRegen  0.35/turn              (no ring)
                                (no ring)
                                (no ring)

@: lethally poisoned (-17 -> -18)
A: almost no armour, stealthy swim, amphibious, 8 rings, constrict 8, camouflage
1, gelatinous body 1
a: no special abilities


You were on level 4 of the Dungeon.
You were not hungry.

You visited 1 branch of the dungeon, and saw 4 of its levels.
You also visited: Ossuary.

You collected 134 gold pieces.

Inventory:

Hand Weapons
 a - a +0 long sword (weapon)
 b - a +0 dagger
Missiles
 f - 4 throwing nets (quivered)
Armour
 h - a +1 shield (worn)
Jewellery
 l - a +3 ring of evasion (left tentacle)
 r - an amulet of magic regeneration (around mantle)
Scrolls
 e - 3 scrolls of enchant armour
 g - 2 scrolls of immolation {!r}
 k - 5 scrolls of holy word
 m - a scroll of teleportation
 n - a scroll of identify
Potions
 d - a potion of might
 i - 8 potions of heal wounds
 j - 5 potions of curing
 o - a potion of berserk rage {!q}
 p - a potion of lignification
 q - 4 potions of ambrosia {!q}
 t - a potion of flight
Comestibles
 c - 6 rations


   Skills:
 + Level 4.2 Fighting
 * Level 6.5 Long Blades
 + Level 4.2 Dodging
 + Level 3.5 Stealth
 + Level 4.1 Shields


You had 6 spell levels left.
You didn't know any spells.

Dungeon Overview and Level Annotations

Branches:
Dungeon (4/15)
 Temple: D:4-7

Altars:
Gozag
Makhleb
Nemelex Xobeh
Qazlal
Uskayaw
Vehumet
Yredelemnul
The Shining One


Innate Abilities, Weirdness & Mutations

You cannot wear most types of armour.
You are very stealthy in the water. (Stealth+)
You are amphibious.
You can wear up to eight rings at the same time.
You can use your tentacles to constrict eight enemies at once.
Your skin changes colour to match your surroundings (Stealth+).
Your rubbery body absorbs attacks. (AC +1, EV +1)


Message History

Health restored: 48 You slash the hobgoblin zombie!
You destroy the hobgoblin zombie!
You open the door.
There is an open door here.
n - a scroll of identify No target in view!
As you read the scroll of identify, it crumbles to dust.
t - a potion of flight
There is an open door here.
You open the door.
There is an open door here.
n - a scroll of identify
There is an open door here.
You open the door. You open the door.
You avoid triggering a needle trap.
There is a needle trap here.
You open the door.
There is an open door here.
i - 8 potions of heal wounds (gained 1)
There is an open door here.
As you open the door, it creaks loudly!
You open the door.
Found 2 scrolls of random uselessness.
You don't have any unidentified items.
Done exploring.
Key pressed, stopping travel.
You can't go up here!
A poisoned needle shoots out and misses you.
There is a needle trap here.
There is a gate leading back out of this place here.
Unknown command.
Welcome back to the Dungeon!
There is a collapsed entrance here.
There is an open door here.
Found 16 stones.
Found a stone staircase leading down.
You see here 16 stones.
e - 3 scrolls of enchant armour (gained 1)
An adder and an orc come into view.
The orc shouts!
The adder hisses angrily.
The adder moves out of view.
Found a scroll labeled SENLUA PAGOSU.
An ogre comes into view. It is wielding a giant spiked club.
There are monsters nearby!
The ogre shouts!
You hit the adder. Your grab misses the adder. Your squeeze misses the adder.
The adder is heavily wounded.
The adder bites you.
You are poisoned.
The adder poisons you! You block the orc's attack. The adder barely misses you.
You take 4 damage, and have 44/48 hp.
There are monsters nearby!
You barely miss the adder. You grab the adder.
The adder is heavily wounded.
You constrict the adder.
You feel sick. The adder bites you but does no damage.
You block the orc's attack.
You take 1 damage, and have 43/48 hp.
You release your grip on the adder.
You feel sick. The adder closely misses you.
You feel sick. You block the adder's attack.
You take 1 damage, and have 42/48 hp.
You miss the adder. Your grab misses the adder.
The adder is heavily wounded.
You feel sick. The adder closely misses you. The adder misses you.
You riposte.
You completely miss the adder. You grab the adder.
The adder is heavily wounded.
You hit the adder but do no damage.
You kill the adder!
You slash the orc! You grab the orc.
The orc is almost dead.
You constrict the orc.
You kill the orc!
You hit the giant cockroach.
You kill the giant cockroach!
You feel sick. The ogre closely misses you.
You take 1 damage, and have 41/48 hp.
You hit the ogre.
The ogre is lightly wounded.
You hit the ogre.
The ogre is moderately wounded.
You block the ogre's attack.
You hit the ogre.
The ogre is moderately wounded.
You feel sick.
The ogre hits you with a giant spiked club!
You take 15 damage, and have 26/48 hp.
MASSIVE DAMAGE!!
Unknown command.
You closely miss the ogre.
The ogre is moderately wounded.
The ogre hits you with a giant spiked club!
* * * LOW HITPOINT WARNING * * *
You take 16 damage, and have 10/48 hp.
MASSIVE DAMAGE!!
You hit the ogre.
The ogre is heavily wounded.
The ogre hits you with a giant spiked club!!
Ouch! That really hurt!
You die...

#..# ....# #.# ..?!# ##.## ...#
#...## ...#
#....###############..####..
##..#..##....................
##..###....####### ##.........
#).'#.##..##########..#......#
#.##...##......@O....##.......
#..##.##..#######(.>..........
#...###...........##########...
##...#....#..###### ##......#
#...........#########..######
#.......).............######
#.......<########...........
#........# ############
##########


You could see an ogre.

Vanquished Creatures
  Grinder (D:3)
  An ogre (D:4)
  A phantom (D:4)
  2 orc priests
  A hound (D:2)
  Jessica (D:3)
  An orc wizard (D:3)
  5 mummies (Ossuary)
  10 adders
  5 gnolls
  An ooze (D:1)
  2 worms (D:3)
  4 dart slugs
  2 leopard geckos
  5 orcs
  3 ball pythons
  4 giant cockroaches
  7 goblins
  6 hobgoblins
  6 jackals
  3 kobolds
  2 quokkas
  10 bats
  2 frilled lizards
  2 hobgoblin zombies (Ossuary)
  A jackal skeleton (D:4)
  16 rats
104 creatures vanquished.

Notes
Turn   | Place    | Note
-------+----------+-------------------------------------------
     0 | D:1      | Monsterracer the Octopode Fighter began the quest for the Orb.
     0 | D:1      | Reached XP level 1. HP: 16/16 MP: 1/1
   109 | D:1      | Reached XP level 2. HP: 12/21 MP: 2/2
   295 | D:1      | HP: 10/21 [hobgoblin/club (2)]
   297 | D:1      | Reached skill level 3 in Long Blades
   470 | D:1      | Reached XP level 3. HP: 23/26 MP: 3/3
  1074 | D:2      | Found a glowing golden altar of the Shining One.
  1093 | D:2      | Reached skill level 4 in Long Blades
  1223 | D:2      | Reached XP level 4. HP: 23/31 MP: 4/4
  1229 | D:2      | HP: 13/31 [gnoll/spear (4)]
  1485 | D:2      | Reached XP level 5. HP: 30/36 MP: 5/5
  1588 | D:2      | Found a stormy altar of Qazlal.
  1588 | D:2      | Found a basalt altar of Yredelemnul.
  1657 | D:2      | Reached skill level 5 in Long Blades
  1854 | D:2      | Found a burning altar of Makhleb.
  2111 | D:3      | Noticed Grinder
  2130 | D:3      | HP: 15/36 [Grinder (4)]
  2132 | D:3      | HP: 6/36 [Grinder (6)]
  2133 | D:3      | Killed Grinder
  2133 | D:3      | Reached skill level 1 in Stealth
  2133 | D:3      | Reached XP level 6. HP: 7/42 MP: 6/6
  2198 | D:3      | HP: 14/42 [orc priest (3)]
  2213 | D:3      | HP: 8/42 [orc/tomahawk (3)]
  2432 | D:2      | Reached XP level 7. HP: 34/47 MP: 7/7
  2655 | D:3      | Reached skill level 6 in Long Blades
  2657 | D:3      | Found a sparkling altar of Nemelex Xobeh.
  2876 | D:3      | Noticed Jessica
  2879 | D:3      | Killed Jessica
  3070 | D:3      | Found an opulent altar of Gozag.
  3077 | D:3      | Found a hide-covered altar of Uskayaw.
  3079 | D:3      | Found a radiant altar of Vehumet.
  3245 | D:4      | HP: 22/48 [adder (4)]
  3251 | D:4      | HP: 20/48 [poisoned by an adder]
  3258 | D:4      | HP: 19/48 [poisoned by an adder]
  3266 | D:4      | HP: 19/48 [poisoned by an adder]
  3472 | D:4      | Found a sand-covered staircase.
  3493 | Ossuary  | Entered an ossuary
  3523 | Ossuary  | HP: 20/48 [mummy (6)]
  3595 | Ossuary  | HP: 11/48 [mummy (14)]
  3602 | Ossuary  | HP: 10/48 [poison (a needle trap)]
  3610 | Ossuary  | HP: 9/48 [poison (a needle trap)]
  4101 | D:4      | HP: 10/48 [ogre/giant spiked club (16)]
  4102 | D:4      | Demolished by an ogre

Skill      XL: |  1  2  3  4  5  6  7 |
---------------+----------------------+-----
Long Blades    | 3 4 5 6 |  6.5
Stealth        | 1 2 3 |  3.5
Fighting       | 4 |  4.2
Dodging        | 4 |  4.2
Shields        | 4 |  4.1

Action                   |  1- 3 |  4- 6 |  7- 9 || total
-------------------------+-------+-------+-------++-------
Melee: Long sword        |    54 |    67 |    86 ||   207
       Constrict         |    17 |    21 |    26 ||    64
       Tentacles         |    15 |    12 |    23 ||    50
       Dagger            |       |     2 |     9 ||    11
  Use: Scroll            |       |       |    13 ||    13
 Stab: Sleeping          |     2 |     4 |    13 ||    19
       Held in net/web   |       |       |     2 ||     2
  Eat: Chunk             |     1 |     3 |     4 ||     8
       Ration            |       |       |     1 ||     1
Armor: Skin              |     4 |     2 |     2 ||     8
Dodge: Dodged            |    25 |    21 |    32 ||    78
Block: Shield            |    25 |    37 |    20 ||    82
       Rpst.: Long sword |     6 |     6 |    10 ||    22

Vault maps used:
D:1:      dpeg_arrival_ratfight
D:2:      lemuel_crystal_altar, chequers_temple_overflow_statue_of_worship,
          first_ration, makhleb_heckhound_becter
D:3:      minitemple, nemelex_xobeh_ov_fountains_minmay, uniq_grinder,
          uniq_jessica
D:4:      enter_ossuary_5, serial_bayou_pond_b
Ossuary:  ossuary_the_hunt_dpeg
